 Dungeon Crawl Stone Soup version 0.30-a0-596-g0af90f9 (webtiles) character file.

Game seed: 4366219611123337510

2422 milkiemew the Cleaver (level 9, -2/68 HPs)
             Began as a Demonspawn Gladiator on Jan 5, 2023.
             Was an Initiate of Makhleb.
             Slain by a bog body (6 damage)
             ... created by the anger of Yredelemnul
             ... on level 5 of the Dungeon on Jan 6, 2023.
             The game lasted 00:52:43 (5344 turns).

milkiemew the Cleaver (Demonspawn Gladiator)        Turns: 5344, Time: 00:52:44

Health: -2/68      AC: 22    Str: 22    XL:     9   Next: 24%
Magic:  9/9        EV: 12    Int:  8    God:    Makhleb [......]
Gold:   374        SH:  0    Dex: 15    Spells: 8/8 levels left

rFire   . . .      SeeInvis .    A - +2 war axe "Ismeh" {vamp, rC++ rCorr}
rCold   + + .      Faith    .    (no shield)
rNeg    . . .      Spirit   .    i - +1 plate armour
rPois   +          Reflect  .    G - +0 helmet
rElec   .          Harm     .    (no cloak)
rCorr   +          Rampage  .    (gloves unavailable)
Will    .....                    (no boots) Stlth
                                 (no amulet)
HPRegen 0.31/turn                q - +4 ring of protection
MPRegen 0.11/turn                I - +5 ring of evasion

@: no status effects
A: claws 3, slimy green scales 3, strong 1
a: Renounce Religion


You were on level 5 of the Dungeon.
You worshipped Makhleb.
Makhleb was noncommittal.
You visited 2 branches of the dungeon, and saw 7 of its levels.
You also visited: Sewer.

You collected 374 gold pieces.

Inventory:

Hand Weapons
 a - a +0 war axe
 f - a +0 dagger
 h - a +0 falchion
 j - a +3 dagger
 k - a +0 hand axe
 t - a +0 dagger
 w - a +2 vampiric dagger
 A - the +2 war axe "Ismeh" (weapon) {vamp, rC++ rCorr}
   (You found it on level 2 of the Dungeon)

   rC:        It greatly protects you from cold.
   rCorr:     It protects you from acid and corrosion.
 B - a +0 dagger of speed
 E - a +2 vampiric hand axe
 H - a +0 sling
 K - a +2 hand axe of electrocution
 M - a +2 dagger of protection
 O - a +0 dagger of draining
 P - the +3 great mace of Disaster {venom, Int+3}
   (You took it off an ogre on level 5 of the Dungeon)

   Int:       It affects your intelligence (+3).
Missiles
 d - 3 throwing nets
 e - 3 javelins
 m - 23 poisoned darts (quivered)
 s - 46 stones
 y - 6 silver javelins
 z - 7 boomerangs
 L - 2 boomerangs of dispersal
Armour
 b - a +0 leather armour
 c - a +0 helmet
 g - a +0 robe
 i - a +1 plate armour (worn)
 l - a +0 ring mail
 n - a +0 chain mail
 o - a +0 leather armour
 r - a +0 robe
 u - a +0 animal skin
 v - a +0 helmet
 G - a +0 helmet (worn)
Jewellery
 q - a +4 ring of protection (left claw)
 I - a +5 ring of evasion (right claw)
 J - a ring of poison resistance
Scrolls
 p - 3 scrolls of identify
 x - 3 scrolls of teleportation
 C - 2 scrolls of blinking
 F - 2 scrolls of amnesia
Potions
 D - 3 potions of curing
 N - a potion of heal wounds


   Skills:
 + Level 5.3 Fighting
 + Level 9.3 Axes
 + Level 2.0 Throwing
 + Level 4.7 Armour
 + Level 3.3 Dodging
 + Level 1.0 Stealth
 + Level 0.2 Invocations


You had 8 spell levels left.
You didn't know any spells.
Your spell library contained the following spells:

 Spells                   Type           Power      Damage    Failure   Level
 Cigotuvi's Dreadful Rot  Necr/Pois/Air  0%         N/A       100%        2
 Static Discharge         Conj/Air       0%         2-2/arc   100%        2
 Call Canine Familiar     Summ           0%         N/A       100%        3
 Inner Flame              Hex/Fire       0%         N/A       100%        3
 Portal Projectile        Hex/Tloc       0%         N/A       100%        3
 Tukima's Dance           Hex            0%         N/A       100%        3
 Vhi's Electric Charge    Tloc/Air       0%         N/A       100%        3
 Cause Fear               Hex            0%         N/A       100%        4
 Dispel Undead            Necr           0%         3d6       100%        4
 Leda's Liquefaction      Hex/Erth       0%         N/A       100%        4
 Passage of Golubria      Tloc           0%         N/A       100%        4
 Arcjolt                  Conj/Air       0%         1d10      100%        5
 Lightning Bolt           Conj/Air       0%         1d11      100%        5
 Yara's Violent Unravell  Hex/Tmut       0%         3d3       100%        5
 Death Channel            Necr           0%         N/A       100%        6
 Discord                  Hex            0%         N/A       100%        8


Dungeon Overview and Level Annotations

Branches:
Dungeon (6/15)             Temple (1/1) D:4           Sewer (visited)

Altars:
Ashenzari
Cheibriados
Dithmenos
Gozag
Hepliaklqana
Kikubaaqudgha
Makhleb
Nemelex Xobeh
Trog
Uskayaw
Vehumet
Wu Jian
Xom
Yredelemnul

Shops:
D:4 =


Innate Abilities, Weirdness & Mutations

You have claws for hands.
You are completely covered in slimy green scales. (AC +4, rPois)
Your muscles are strong. (Str +4, Int/Dex -1)


Message History

You throw a poisoned dart. The poisoned dart hits the bog body.
You feel yourself speed up.
The bog body points at you and mumbles some strange words.
You resist with significant effort.
You hit the bog body.
The bog body is lightly damaged.
The bog body points at you and mumbles some strange words.
You resist with significant effort.
You hit the bog body.
The bog body is lightly damaged.
The bog body touches you! The bog body freezes you. You resist.
You slash the bog body!
The bog body is heavily damaged.
You hit the bog body.
The bog body touches you but does no damage. x2
You slash the bog body!
The bog body is severely damaged.
You hit the bog body. The bog body touches you! The bog body freezes you.
You resist. The bog body misses you. The bog body touches you.
The bog body freezes you. You resist. The bog body casts a spell at you.
You resist with significant effort.
You hit the bog body.
The bog body is severely damaged.
You slash the bog body! The bog body casts a spell at you.
The bolt of cold hits you. You resist. The bog body touches you!
* * * LOW HITPOINT WARNING * * *
The bog body freezes you. You resist.
* * * LOW HITPOINT WARNING * * *
The bog body casts a spell at you. The bolt of cold hits you! You resist.
* * * LOW HITPOINT WARNING * * *
The bog body barely misses you.
You climb upwards.
There is a stone staircase leading down here.
You feel better. The bog body touches you!
* * * LOW HITPOINT WARNING * * *
The bog body freezes you. You resist.
You die...

..##.#.#....########..........# #
..##.#.#....# #..........#
..##.#......#### #..........#
..##...........# #..........#
..#####.....##.# ###.##########
..# #.....##.###...############
..# #####.##...............#>.#
..#########.####.n.###########...
...............n@.....# ##..
################.####.# #####
#............#.# #[)..
#####.#######.#.##.# #))..
#.....# #.#.##.#######....
#####.#### #.#....Z)ZZ.Z..###
......# #.####.#########..
#####.# #.# #Z# #... #.# #.# #Z#
#>.#


You could see 2 bog bodies.

Vanquished Creatures
  The ghost of bigbaby the Shooter, a novice HOHu of Beogh (D:5)
  Sigmund (D:2)
  A wyvern (D:4)
  Eustachio (D:4)
  2 black bears
  3 ogres
  A centaur (D:5)
  3 kobold brigands
  2 scorpions
  A necrophage (D:5)
  An orc priest (D:5)
  A gnoll bouda (D:6)
  3 hounds
  Natasha (twice) (D:3)
  Jessica (D:3)
  An iguana (D:5)
  7 orc wizards
  Terence (D:3)
  Robin (D:2)
  10 gnolls
  8 adders
  An ufetubus (D:5)
  An orc zombie (D:5)
  4 worms
  A dart slug (D:5)
  18 orcs
  8 endoplasms
  9 giant cockroaches
  18 goblins
  8 hobgoblins
  2 jackals (D:2)
  6 quokkas
  8 ball pythons
  15 bats
  5 frilled lizards
  7 kobolds
  10 rats
173 creatures vanquished.

Vanquished Creatures (others)
  A scorpion zombie (D:5)
  An adder zombie (D:5)
  A dart slug zombie (D:5)
  6 orc zombies (D:5)
9 creatures vanquished.

Grand Total: 182 creatures vanquished

Notes
Turn   | Place    | Note
-------+----------+-------------------------------------------
     0 | D:1      | milkiemew the Demonspawn Gladiator began the quest for the
                  | Orb.
     0 | D:1      | Reached XP level 1. HP: 16/16 MP: 1/1
   255 | D:1      | Reached skill level 3 in Axes
   258 | D:1      | Gained mutation: You are partially covered in slimy green
                  | scales. (AC +2) [demonic ancestry]
   258 | D:1      | Reached XP level 2. HP: 22/22 MP: 2/2
   791 | D:2      | Gained mutation: You are mostly covered in slimy green
                  | scales. (AC +3) [demonic ancestry]
   791 | D:2      | Reached XP level 3. HP: 27/27 MP: 3/3
   792 | D:2      | Noticed Robin
   820 | D:2      | Killed Robin
   997 | D:2      | Gained mutation: You have sharp fingernails. [demonic
                  | ancestry]
   997 | D:2      | Reached XP level 4. HP: 25/33 MP: 4/4
  1130 | D:2      | Reached skill level 4 in Axes
  1133 | D:2      | Identified the +2 war axe "Ismeh" {vamp, rC++ rCorr}
  1214 | D:2      | Noticed Sigmund
  1244 | D:2      | Killed Sigmund
  1245 | D:2      | Reached skill level 5 in Axes
  1245 | D:2      | Reached skill level 1 in Armour
  1245 | D:2      | Gained mutation: You are completely covered in slimy green
                  | scales. (AC +4, rPois) [demonic ancestry]
  1245 | D:2      | Reached XP level 5. HP: 15/39 MP: 5/5
  1604 | D:3      | Noticed Natasha
  1612 | D:3      | Killed Natasha
  1643 | D:3      | Reached XP level 6. HP: 46/46 MP: 6/6
  1651 | D:3      | Found a glowing drain.
  1672 | Sewer    | Entered a sewer
  1958 | Sewer    | Reached skill level 6 in Axes
  2203 | D:3      | Gained mutation: You have very sharp fingernails. [demonic
                  | ancestry]
  2203 | D:3      | Reached XP level 7. HP: 52/52 MP: 7/7
  2304 | D:3      | Noticed Natasha
  2314 | D:3      | Killed Natasha
  2417 | D:3      | Noticed Jessica
  2426 | D:3      | Killed Jessica
  2484 | D:3      | Noticed Terence
  2489 | D:3      | Killed Terence
  2731 | D:3      | Reached skill level 7 in Axes
  2856 | D:3      | Gained mutation: Your muscles are strong. (Str +4, Int/Dex
                  | -1) [potion of mutation]
  2856 | D:3      | Gained mutation: You sometimes lose your temper in combat.
                  | [potion of mutation]
  2856 | D:3      | Lost mutation: You sometimes lose your temper in combat.
                  | [potion of mutation]
  3178 | D:4      | Found a staircase to the Ecumenical Temple.
  3198 | Temple   | Entered the Ecumenical Temple
  3385 | Temple   | Became a worshipper of Yredelemnul the Dark
  3461 | D:4      | Noticed Eustachio
  3478 | D:4      | Killed Eustachio
  3479 | D:4      | Gained mutation: You have claws for hands. [demonic
                  | ancestry]
  3479 | D:4      | Reached XP level 8. HP: 60/60 MP: 8/8
  3481 | D:4      | Found Weso's Jewellery Shop.
  3541 | D:4      | Reached * piety under Yredelemnul
  3595 | D:4      | Reached ** piety under Yredelemnul
  3829 | D:4      | Reached skill level 8 in Axes
  3893 | D:4      | Found a sparkling altar of Nemelex Xobeh.
  3895 | D:4      | Found a burning altar of Makhleb.
  4048 | D:5      | Entered Level 5 of the Dungeon
  4312 | D:5      | Found a transporter.
  4314 | D:5      | Noticed bigbaby's ghost (novice HOHu)
  4314 | D:5      | Identified the +3 great mace of Disaster {venom, Int+3}
  4885 | D:5      | Reached skill level 9 in Axes
  5101 | D:5      | Found a transporter.
  5132 | D:5      | Killed bigbaby's ghost
  5133 | D:5      | Reached skill level 5 in Fighting
  5133 | D:5      | Reached skill level 1 in Stealth
  5133 | D:5      | Reached XP level 9. HP: 44/68 MP: 9/9
  5259 | D:4      | Upgraded the game from 0.30-a0-591-g3c58d2b to
                  | 0.30-a0-596-g0af90f9
  5274 | D:4      | Fell from the grace of Yredelemnul
  5274 | D:4      | Became a worshipper of Makhleb the Destroyer
  5334 | D:6      | Noticed a bog body
  5334 | D:6      | Noticed a bog body
  5344 | D:5      | Slain by a bog body

Illustrated notes

Levels and vault maps discovered:
D:1:      dpeg_arrival_rhombus, layout_loops_ring
D:2:      layout_basic, basic_altar, kennysheep_generic_room_16, uniq_sigmund,
          uniq_robin
D:3:      layout_basic, gup_sewer_entry_pipe, minmay_divided_ellipse,
          uniq_terence, uniq_natasha, uniq_jessica
D:4:      layout_loops_ring, nicolae_overflow_hidden_temple,
          minmay_temple_entry_junction, serial_shops, nicolae_take_the_stairs,
          uniq_eustachio
D:5:      layout_basic, gammafunk_ghost_smash, dk_vineyard_3, grunt_ministairs_6
D:6:      layout_basic, marbit_many_paths, serial_curves, eino_curves_02,
          eino_curves_04, eino_curves_04, nicolae_shop_self_help, uniq_menkaure,
          uniq_prince_ribbit1
Temple:   chequers_temple_sunken

Skill      XL: |  1  2  3  4  5  6  7  8 |
---------------+-------------------------+-----
Axes           | 3 5 6 7 9 |  9.3
Dodging        | 3 |  3.3
Armour         | 1 2 4 |  4.7
Fighting       | 3 5 |  5.3
Throwing       | 2 |  2.0
Stealth        | 1 |  1.0
Invocations    | |  0.2

Action                   |  1- 3 |  4- 6 |  7- 9 || total
-------------------------+-------+-------+-------++-------
Melee: War axe           |    84 |   152 |   316 ||   552
       Punch             |     1 |       |     4 ||     5
       Unarmed           |       |       |     7 ||     7
Throw: Dart              |       |       |     5 ||     5
Invok: Recall Undead Har |       |       |     2 ||     2
       Dark Bargain      |       |       |     1 ||     1
  Use: Scroll            |     4 |     4 |     3 ||    11
       Potion            |       |     1 |     9 ||    10
 Stab: Distracted        |       |       |     2 ||     2
Armor: Plate armour      |    74 |    97 |   237 ||   408
       Leather armour    |     1 |       |       ||     1
Dodge: Dodged            |    22 |    40 |   164 ||   226

Table legend: (Time is in decaauts)
 A = Elapsed time spent in this place.
 B = Non-inter-level travel time spent in this place.
 C = Inter-level travel time spent in this place.
 D = Time resting spent in this place.
 E = Time spent auto-exploring this place.
 F = Levels seen in this place.
 G = Mean time per level.
                   A        B        C        D        E       F      G
               +--------+--------+--------+--------+--------+-----+--------+
         Total |   5551 |   5392 |    159 |      0 |   2849 |   8 |  693.9 |
       Dungeon |   4738 |   4579 |    159 |      0 |   2767 |   6 |  789.7 |
        Temple |    236 |    236 |      0 |      0 |      0 |   1 |  236.0 |
         Sewer |    576 |    576 |      0 |      0 |     82 |   1 |  576.0 |
               +--------+--------+--------+--------+--------+-----+--------+

Top non-repeatable levels by time:
     D:5: 1213 daAuts
     D:3: 1019 daAuts
     D:2: 854 daAuts
     D:4: 850 daAuts
     D:1: 766 daAuts
   Sewer: 576 daAuts
  Temple: 236 daAuts
     D:6: 33 daAuts
